 Dungeon Crawl Stone Soup version 0.20.1-1-g8b1a95d (webtiles) character file.

405 equalderp2856 the Covered (level 6, -2/53 HPs)
             Began as a Minotaur Fighter on Sept 6, 2017.
             Slain by an ogre
             ... wielding a +0 giant club
              (17 damage)
             ... on level 4 of the Dungeon.
             The game lasted 00:07:19 (4279 turns).

equalderp2856 the Covered (Minotaur Fighter)        Turns: 4279, Time: 00:07:19

Health: -2/53      AC: 12    Str: 21    XL:     6   Next: 56%
Magic:  5/5        EV:  5    Int:  5    God:
Gold:   161        SH: 10    Dex: 11    Spells: 5/5 levels left

rFire    . . .     SeeInvis .   a - +0 war axe
rCold    . . .     Gourm    .   c - +0 shield
rNeg     . . .     Faith    .   w - +0 plate armour
rPois    .         Spirit   .   (helmet restricted)
rElec    .         Reflect  .   (no cloak)
rCorr    .         Harm     .   (no gloves)
MR       .....                  (no boots)
Stlth    ..........             (no amulet)
Regen    0.2/turn               (no ring)
MPRegen  0.1/turn               (no ring)

@: no status effects
A: retaliatory headbutt, horns 2
a: no special abilities


You were on level 4 of the Dungeon.
You were near starving.

You visited 1 branch of the dungeon, and saw 5 of its levels.

You collected 161 gold pieces.

Inventory:

Hand Weapons
 a - a +0 war axe (weapon)
Armour
 b - a +0 scale mail
 c - a +0 shield (worn)
 w - a +0 plate armour (worn)
Jewellery
 s - an uncursed amulet of harm {unknown}
 u - an uncursed amulet of regeneration {unknown}
Wands
 k - a wand of polymorph (0/24)
Scrolls
 e - 2 scrolls of amnesia {unknown}
 h - 4 scrolls of magic mapping {unknown}
 i - 4 scrolls of identify {unknown}
 l - 4 scrolls of teleportation {unknown}
 m - a scroll of blinking {unknown}
 n - a scroll of recharging {unknown}
 o - a scroll of fog {unknown}
 p - a scroll of enchant weapon {unknown}
 q - a scroll of enchant armour {unknown}
 r - 4 scrolls of remove curse {unknown}
 t - a scroll of fear {unknown}
Potions
 d - a potion of might
 v - 3 potions of heal wounds {unknown}
 x - a potion of ambrosia
 z - a potion of flight {unknown}
 A - 2 potions of curing {unknown}
Comestibles
 f - 5 bread rations
 g - 6 fruits
 j - a meat ration


   Skills:
 + Level 4.7 Fighting
 + Level 4.7 Axes
 + Level 5.7 Armour
 + Level 1.6 Dodging
 + Level 5.3 Shields


You had 5 spell levels left.
You didn't know any spells.

Dungeon Overview and Level Annotations

Branches:
Dungeon (5/15)
 Temple: D:4-7

Altars:
Trog

Annotations:
D:5 Pikel


Innate Abilities, Weirdness & Mutations

You reflexively headbutt those who attack you in melee.
You have a pair of horns on your head.


Message History

You climb upwards.
There is a stone staircase leading down here.
You hit the ogre but do no damage. Your headbutt misses the ogre.
You closely miss the slave. You block the slave's attack.
You block the ogre's attack. The slave hits you.
You hit the ogre. You headbutt the ogre.
The ogre is lightly wounded.
You closely miss the slave. The ogre hits you with a giant club!
The slave hits you.
You hit the ogre.
The ogre is moderately wounded.
You slash the slave! The ogre hits you with a giant club!
You block the slave's attack.
Unknown command.
The slave hits you but does no damage.
Unknown command.
The slave hits you.
* * * LOW HITPOINT WARNING * * *
The ogre hits you with a giant club!
You die...

########## #####
#........# ### #....
#.######.#####.###.### #.#
#..............# #.#
#.##.###.....###
#.###>##.# ##...##
#....pO..# ##.##
#########@#### #.#
#.........# #.#
#.######..# ##'## #.#
#.....# ##...## # #.#
#.##.## ##.....## # #.#
#.##.## ##.......## #
#.###.#...####.........###
#............'.........'..
####......####.........###


You could see an ogre and a slave.

Vanquished Creatures
  Sigmund (D:3)
  The ghost of Chisa the Cudgeler, an amateur TrWr (D:4)
  An orc wizard (D:4)
  2 worker ants (D:4)
  3 adders
  An ooze (D:3)
  2 worms
  3 dart slugs (D:1)
  3 leopard geckos
  3 orcs
  2 bats (D:1)
  4 giant cockroaches
  6 hobgoblins
  A quokka (D:3)
  A ball python skeleton (D:4)
  3 frilled lizards (D:1)
  6 goblins
  8 kobolds
  4 rats
55 creatures vanquished.

Notes
Turn   | Place    | Note
-------+----------+-------------------------------------------
     0 | D:1      | equalderp2856 the Minotaur Fighter began the quest for the Orb.
     0 | D:1      | Reached XP level 1. HP: 19/19 MP: 0/0
    93 | D:1      | Reached XP level 2. HP: 26/27 MP: 1/1
   626 | D:1      | Reached XP level 3. HP: 33/33 MP: 2/2
  1692 | D:3      | Reached XP level 4. HP: 37/40 MP: 3/3
  1899 | D:3      | Found a bloodstained altar of Trog.
  2109 | D:3      | Found a faded altar of an unknown god.
  2249 | D:4      | Noticed Sigmund
  2262 | D:4      | Noticed Chisa's ghost (amateur TrWr)
  2276 | D:3      | HP: 1/40 [adder (4)]
  3216 | D:3      | Killed Sigmund
  3216 | D:3      | Reached skill level 5 in Armour
  3216 | D:3      | Reached skill level 1 in Dodging
  3216 | D:3      | Reached skill level 5 in Shields
  3216 | D:3      | Reached XP level 5. HP: 27/47 MP: 4/4
  3369 | D:4      | Killed Chisa's ghost
  3369 | D:4      | Reached XP level 6. HP: 33/53 MP: 5/5
  4271 | D:5      | Entered Level 5 of the Dungeon
  4271 | D:5      | Noticed Pikel
  4271 | D:5      | Noticed a slave
  4271 | D:5      | Noticed a slave
  4271 | D:5      | Noticed a slave
  4273 | D:5      | Noticed a slave
  4279 | D:4      | Slain by an ogre

Skill      XL: |  1  2  3  4 |
---------------+-------------+-----
Armour         | 4 5 |  5.7
Shields        | 4 5 |  5.3
Axes           | 3 4 |  4.7
Fighting       | 4 |  4.7
Dodging        | 1 |  1.6

Action                   |  1- 3 |  4- 6 || total
-------------------------+-------+-------++-------
Melee: War axe           |    67 |    84 ||   151
       Headbutt          |    12 |    14 ||    26
       Unarmed           |       |     8 ||     8
  Use: Potion            |       |     2 ||     2
  Eat: Chunk             |     2 |     4 ||     6
       Fruit             |       |     3 ||     3
Armor: Scale mail        |    24 |    23 ||    47
       Plate armour      |       |     6 ||     6
Dodge: Dodged            |    12 |    23 ||    35
Block: Shield            |    43 |    44 ||    87
